 Dungeon Crawl Stone Soup version 0.23.2-33-g5129a83184 (console) character file.

Game seed: 15270214998386915640

32 Kalimero the Shield-Bearer (level 3, 0/33 HPs)
             Began as a Minotaur Fighter on July 22, 2019.
             Slain by a worm (8 damage)
             ... on level 2 of the Dungeon on July 24, 2019.
             The game lasted 00:31:30 (1708 turns).

Kalimero the Shield-Bearer (Minotaur Fighter)       Turns: 1708, Time: 00:31:30

Health: 0/33       AC:  7    Str: 21    XL:     3   Next: 8%
Magic:  2/2        EV:  7    Int:  5    God:
Gold:   34         SH:  9    Dex:  9    Spells: 2/2 levels left

rFire    . . .     SeeInvis .   a - +0 long sword
rCold    . . .     Gourm    .   c - +0 shield
rNeg     . . .     Faith    .   b - +0 scale mail
rPois    .         Spirit   .   (helmet restricted)
rElec    .         Reflect  .   (no cloak)
rCorr    .         Harm     .   (no gloves)
MR       .....                  (no boots)
Stlth    ..........             (no amulet)
HPRegen  0.11/turn              (no ring)
MPRegen  0.08/turn              (no ring)

@: no status effects
A: retaliatory headbutt, horns 2
a: no special abilities


You were on level 2 of the Dungeon.
You were not hungry.

You visited 1 branch of the dungeon, and saw 2 of its levels.

You collected 34 gold pieces.

Inventory:

Hand Weapons
 a - a +0 long sword (weapon)
 i - a +0 short sword
 m - a +0 club
 n - a +0 club
 p - a +0 dagger
 u - a +0 club
 A - a +0 short sword
Missiles
 g - 16 sling bullets (quivered)
 l - 19 bolts
 v - 22 arrows
Armour
 b - a +0 scale mail (worn)
 c - a +0 shield (worn)
 j - a +0 leather armour
 o - a +0 ring mail
 x - a +0 chain mail
 y - a +0 robe
 C - a +0 chain mail
Jewellery
 z - an uncursed amulet of regeneration {unknown}
Scrolls
 k - a scroll of enchant weapon {unknown}
 q - a scroll of teleportation {unknown}
 t - a scroll of remove curse {unknown}
 w - a scroll of random uselessness {unknown}
 B - a scroll of identify {unknown}
Potions
 d - 2 potions of might
 e - 2 potions of degeneration {unknown}
 h - a potion of haste {unknown}
 r - a potion of brilliance {unknown}
 s - 2 potions of curing {unknown}
Comestibles
 f - 2 chunks of flesh


   Skills:
 + Level 4.1 Fighting
 + Level 3.0 Long Blades
 + Level 4.1 Armour
 + Level 4.1 Shields


You had 2 spell levels left.
You didn't know any spells.
Your spell library was empty.

Dungeon Overview and Level Annotations

Branches:
Dungeon (2/15)

Altars:


Innate Abilities, Weirdness & Mutations

You reflexively headbutt those who attack you in melee.
You have a pair of horns on your head.


Message History

Your scale mail prevents you from hitting the worm.
You headbutt the worm.
The worm is moderately wounded.
You block the worm's attack.
You slash the worm!
The worm is severely wounded.
The worm bites you!
Your scale mail prevents you from hitting the worm.
The worm is severely wounded.
You block the worm's attack.
You hit the worm.
The worm is severely wounded.
You hit the worm but do no damage.
The worm is severely wounded.
The worm bites you.
* * * LOW HITPOINT WARNING * * *
You hit the worm but do no damage.
The worm is severely wounded.
The worm bites you!
You die...

#...............#####
#...............#
#...............#
#.#######.#.#####
#.........#.#
###.........# #######
###......## #......
#..###.# +...... #..#
#.# #...... #..# #.#
#...... #@.# #.#
#...... #w.# #.#
#...... #(.# #^#
#...... #..# #.#
####### #... #.#
##.#.#.# .#.#.# ####
.# #.# ....
#.###########
#.........รท..
#############


You could see a worm.

Vanquished Creatures
  2 worms (D:2)
  A dart slug (D:2)
  2 giant cockroaches (D:1)
  5 goblins (D:1)
  A hobgoblin (D:1)
  4 jackals (D:2)
  A bat (D:1)
  2 frilled lizards
  4 kobolds (D:1)
  A rat (D:1)
23 creatures vanquished.

Notes
Turn   | Place    | Note
-------+----------+-------------------------------------------
     0 | D:1      | Kalimero the Minotaur Fighter began the quest for the Orb.
     0 | D:1      | Reached XP level 1. HP: 19/19 MP: 0/0
   341 | D:1      | Reached XP level 2. HP: 27/27 MP: 1/1
  1693 | D:2      | Reached XP level 3. HP: 27/33 MP: 2/2
  1708 | D:2      | Slain by a worm

Skill      XL: |  1  2  3 |
---------------+----------+-----
Fighting       | 4 |  4.1
Shields        | 4 |  4.1
Armour         | 4 |  4.1
Long Blades    | 3 |  3.0

Action                   || total
-------------------------++-------
Melee: Long sword        ||    65
       Headbutt          ||     7
  Use: Scroll            ||     1
  Eat: Ration            ||     1
Armor: Scale mail        ||    19
Dodge: Dodged            ||    11
Block: Shield            ||    33
